 Dungeon Crawl Stone Soup version 0.31-a0-524-g2a164cf6a2 (webtiles) character file.

Game seed: 13993281811226728000

2317 AdnanSaban the Basher (level 9, 0/55 HPs)
             Began as a Gargoyle Fighter on Aug 12, 2023.
             Was a Believer of Okawaru.
             Slain by a yak (6 damage)
             ... on level 6 of the Dungeon.
             The game lasted 00:08:20 (7075 turns).

AdnanSaban the Basher (Gargoyle Fighter)            Turns: 7075, Time: 00:08:21

Health: 0/55       AC: 21    Str: 31    XL:     9   Next: 41%
Magic:  9/9        EV:  8    Int:  8    God:    Okawaru [**....]
Gold:   365        SH: 10    Dex:  9    Spells: 8/8 levels left

rFire   . . .        G - +1 morningstar
rCold   . . .        c - +0 buckler
rNeg    + . .        j - +0 plate armour
rPois   ∞            (no helmet)
rElec   +            A - +0 cloak
rCorr   .            (no gloves)
SInv    +            (no boots)
Will    .....        F - amulet of reflection Stlth
                     w - ring of see invisible
HPRegen 0.29/turn    m - +6 ring of strength
MPRegen 0.11/turn

%: reflection
@: studying Stealth
A: sickness immunity, AC +6, negative energy resistance 1, electricity
resistance, torment resistance 1, petrification resistance
a: Renounce Religion, Heroism


You were on level 6 of the Dungeon.
You worshipped Okawaru.
Okawaru was pleased with you.
You visited 2 branches of the dungeon, and saw 8 of its levels.

You collected 365 gold pieces.

Inventory:

Hand Weapons
 G - a +1 morningstar (weapon)
Missiles
 o - 5 boomerangs
 r - 11 poisoned darts (quivered)
 z - 5 atropa-tipped darts
Armour
 c - a +0 buckler (worn)
 j - a +0 plate armour (worn)
 A - a +0 cloak (worn)
Jewellery
 m - a +6 ring of strength (right hand)
 q - a ring of ice
 w - a ring of see invisible (left hand)
 F - an amulet of reflection (around neck)
Wands
 s - a wand of mindburst (15)
Scrolls
 a - a scroll of torment {unknown}
 b - a scroll of blinking {unknown}
 f - 5 scrolls of identify {unknown}
 h - 2 scrolls of fear {unknown}
 k - 2 scrolls of noise {unknown}
 n - a scroll of amnesia {unknown}
 p - 2 scrolls of poison {unknown}
 v - a scroll of fog {unknown}
 y - 3 scrolls of teleportation {unknown}
 C - 2 scrolls of enchant armour {unknown}
 D - 2 scrolls of enchant weapon {unknown}
Potions
 d - 4 potions of might
 e - 3 potions of curing {unknown}
 g - a potion of mutation {unknown}
 i - 2 potions of lignification {unknown}
 l - 2 potions of attraction {unknown}
 t - 2 potions of brilliance {unknown}
 u - a potion of magic {unknown}
 x - a potion of heal wounds {unknown}
 B - 2 potions of cancellation {unknown}
 E - a potion of invisibility {unknown}


   Skills:
 + Level 6.2 Fighting
 + Level 8.3 Maces & Flails
 + Level 0.5 Throwing
 + Level 7.6 Armour
 + Level 0.7 Dodging
 + Level 0.4 Stealth
 + Level 5.9 Shields


You had 8 spell levels left.
You didn't know any spells.
Your spell library contained the following spells:

 Spells                   Type           Power      Damage    Failure   Level
 Freeze                   Ice            0%         1d3       98%         1
 Magic Dart               Conj           0%         1d3       98%         1
 Sandblast                Erth           0%         2d4       98%         1
 Passwall                 Tmut/Erth      0%         N/A       99%         2
 Frozen Ramparts          Ice            0%         1d1       100%        3
 Hailstorm                Conj/Ice       0%         3d3       100%        3
 Mephitic Cloud           Conj/Pois/Air  0%         N/A       100%        3
 Stone Arrow              Conj/Erth      0%         3d7       100%        3
 Passage of Golubria      Tloc           0%         N/A       100%        4
 Petrify                  Tmut/Erth      0%         N/A       100%        4
 Irradiate                Conj/Tmut      0%         3d11      100%        5
 Yara's Violent Unravell  Hex/Tmut       0%         3d3       100%        5
 Call Imp                 Summ           Unusable   N/A       N/A         2
 Sublimation of Blood     Necr           Unusable   N/A       N/A         2
 Tukima's Dance           Hex            Unusable   N/A       N/A         3

Dungeon Overview and Level Annotations

Branches:
Dungeon (7/15)             Temple (1/1) D:5

Altars:
Dithmenos
Fedhas
Hepliaklqana
Kikubaaqudgha
Okawaru
Ru
Sif Muna
Vehumet
Xom
Yredelemnul
Zin
The Shining One

Annotations:
D:6 1 runed translucent door, exclusion: oklob plant, blacky4's ghost, novice GrFi


Innate Abilities, Weirdness & Mutations

You are immune to sickness and miasma.
Your stone body is resilient. (AC +6)
You are immune to poison.
You resist negative energy. (rN+)
You are resistant to electric shocks. (rElec)
You are resistant to unholy torment.
You are immune to petrification.


Message History

The yak attacks as you move away! You block the yak's attack.
The yak attacks as you move away! The yak barely misses you.
Things that are here:
a +0 scale mail; a +0 short sword
There is a stone staircase leading up here.
The yak gores you but does no damage.
You climb upwards.
Level annotation: 1 runed translucent door, exclusion: oklob plant, blacky4's ghost, novice GrFi
There is a stone staircase leading down here.
You barely miss the yak. The yak gores you.
* * * LOW HITPOINT WARNING * * *
You barely miss the yak. The yak closely misses you.
You puncture the yak!
The yak is moderately wounded.
The yak gores you but does no damage.
You barely miss the yak.
The yak is moderately wounded.
The yak closely misses you.
You closely miss the yak.
The yak is moderately wounded.
The yak gores you.
* * * LOW HITPOINT WARNING * * *
You closely miss the yak.
The yak is moderately wounded.
The yak closely misses you.
You puncture the yak!
The yak is severely wounded.
The yak gores you.
* * * LOW HITPOINT WARNING * * *
You hit the yak but do no damage.
The yak is severely wounded.
The yak snorts and paws the ground.
You block the yak's attack.
You hit the yak.
The yak is severely wounded.
You block the yak's attack.
You sock the yak!
The yak is almost dead.
The yak gores you but does no damage. The yak gores you.
You die...

################.#..#............
#P.PPP#PPPPPPPP#....#..#####.....
PP..PPPP♣#.. .P#.................
P#P.PPP.♣P♣##.##.#..#...##.#..#.#
PP##P♣PPPPP♣PP♣#.........#.#..#.#
P.......PPP#PP.#........##.#..#.#
..~~.~~..♣.PPPP#................#
.~≈~.≈≈≈..PPP.P#Y.......##.#..###
~≈≈≈.~≈≈~..P.PP#@..............^.
≈≈~≈.~≈≈~~.♣.PP####..............
≈≈~...~≈≈~.PP♣P# #..#..##.#.#...
≈≈~._.~≈≈≈..P.P# #..#..##.#.#.#.
≈≈≈...~≈≈~.PP.P####..#...........
≈≈≈≈~~≈≈≈~.P♣PP#.....[..##.......
~≈≈≈≈≈≈≈~..PP.#####..............
.~≈≈≈≈≈~...P#P.#..<......#.......
..~~~~~..#P.PP.#####.##.##.......


You could see a yak.

Vanquished Creatures
  Sigmund (D:6)
  2 water moccasins
  Duvessa (D:7)
  A black bear (D:6)
  2 sky beasts (D:6)
  An orc warrior (D:6)
  2 ogres
  2 kobold brigands
  2 gnoll sergeants
  A bullfrog (D:5)
  A scorpion (D:5)
  4 wights (D:6)
  Dowan (D:7)
  A howler monkey (D:7)
  4 hounds
  An orc priest (D:6)
  A jelly (D:6)
  A sleepcap (D:6)
  An iguana (D:5)
  4 orc wizards
  12 gnolls
  6 adders
  3 shadow imps
  2 ufetubi
  4 worms
  6 dart slugs
  6 orcs
  7 ball pythons
  7 endoplasms
  4 giant cockroaches
  11 goblins
  8 hobgoblins
  19 kobolds
  2 quokkas
  2 bats
  5 frilled lizards
  9 rats
147 creatures vanquished.

Vanquished Creatures (others)
  A human (D:4)
1 creature vanquished.

Grand Total: 148 creatures vanquished

Notes
Turn   | Place    | Note
-------+----------+-------------------------------------------
     0 | D:1      | AdnanSaban the Gargoyle Fighter began the quest for the
                  | Orb.
     0 | D:1      | Reached XP level 1. HP: 14/14 MP: 1/1
    96 | D:1      | Reached XP level 2. HP: 19/19 MP: 2/2
   364 | D:1      | Reached XP level 3. HP: 24/24 MP: 3/3
   375 | D:1      | Identified the +0 robe of Kirras {rN+ Str+3 Int+3 Slay-5}
  1475 | D:2      | Reached XP level 4. HP: 29/29 MP: 4/4
  1705 | D:1      | HP: 1/29 [gnoll/+0 flail (4)]
  1708 | D:1      | Reached skill level 3 in Maces & Flails
  2448 | D:3      | Reached XP level 5. HP: 33/33 MP: 5/5
  2829 | D:3      | Noticed a kobold brigand
  2847 | D:3      | Identified the +2 ring mail of Ilanaxt {rC- Will+ Str+2}
  2994 | D:3      | Killed a kobold brigand
  3283 | D:4      | Reached skill level 4 in Maces & Flails
  3433 | D:4      | Reached XP level 6. HP: 38/38 MP: 6/6
  3459 | D:4      | Found an ancient bone altar of Kikubaaqudgha.
  3463 | D:4      | Noticed a human
  3464 | D:4      | Killed a human
  4309 | D:5      | Entered Level 5 of the Dungeon
  4317 | D:5      | Reached skill level 5 in Armour
  4321 | D:5      | Reached skill level 5 in Maces & Flails
  4321 | D:5      | Reached XP level 7. HP: 39/44 MP: 7/7
  4348 | D:5      | Found a staircase to the Ecumenical Temple.
  4372 | Temple   | Entered the Ecumenical Temple
  4388 | Temple   | Became a worshipper of Warmaster Okawaru
  5319 | D:6      | Noticed Sigmund
  5333 | D:6      | Killed Sigmund
  5334 | D:6      | Reached skill level 5 in Fighting
  5334 | D:6      | Reached skill level 6 in Maces & Flails
  5334 | D:6      | Reached XP level 8. HP: 35/49 MP: 8/8
  5398 | D:6      | Reached * piety under Okawaru
  5494 | D:6      | Reached skill level 5 in Shields
  5661 | D:6      | Found a blossoming altar of Fedhas.
  5683 | D:6      | Noticed an oklob plant
  5794 | D:6      | Reached skill level 7 in Maces & Flails
  6030 | D:6      | Reached ** piety under Okawaru
  6046 | D:6      | Found a shimmering blue altar of Sif Muna.
  6134 | D:6      | Reached XP level 9. HP: 55/55 MP: 9/9
  6415 | D:6      | Found a runed translucent door.
  6416 | D:6      | Noticed a kobold demonologist
  6417 | D:6      | Noticed blacky4's ghost (novice GrFi)
  6519 | D:6      | Reached skill level 8 in Maces & Flails
  6684 | D:7      | Noticed Dowan
  6684 | D:7      | Noticed Duvessa
  6705 | D:7      | Killed Duvessa
  6713 | D:7      | Killed Dowan
  7075 | D:6      | Slain by a yak

Illustrated notes

Levels and vault maps discovered:
D:1:      nagdon_arrival_zigzag_paths, layout_basic, nrook_loot_triangle
D:2:      layout_basic
D:3:      cheibrodos_thug_alley, layout_loops_cross
D:4:      layout_loops_corners, tgw_kikubaaqudgha
D:5:      layout_rooms, minmay_temple_entry_grid, chequers_mini_garden,
          minmay_manual_mandibuliform
D:6:      layout_basic, tgw_fedhas, kennysheep_orc_sif_temple,
          ebering_ghost_inner_flame, uniq_sigmund
D:7:      minmay_the_grid_plus [minmay_the_grid_plusring,
          minmay_the_grid_outer_diamond, minmay_the_grid_dragon_a,
          minmay_the_grid_spin_star, minmay_the_grid_prize_trominoes],
          layout_rooms, ashenzari_conservatory_becter, trog_ov_bears_minmay,
          uniq_duvessa
Temple:   grunt_temple_mini_profane

Skill      XL: |  1  2  3  4  5  6  7  8  9 |
---------------+----------------------------+-----
Armour         | 4 5 7 |  7.6
Maces & Flails | 3 4 5 6 7 8 |  8.3
Fighting       | 4 5 6 |  6.2
Shields        | 4 5 |  5.9
Throwing       | |  0.5
Dodging        | |  0.7
Stealth        | |  0.4

Action                     |  1- 3 |  4- 6 |  7- 9 || total
---------------------------+-------+-------+-------++-------
  Melee: Flail             |   115 |   191 |   154 ||   460
         Morningstar       |       |       |   119 ||   119
  Throw: Dart              |       |     3 |     7 ||    10
 Armour: Scale mail        |    45 |       |       ||    45
         Plate armour      |     1 |   127 |   234 ||   362
  Dodge: Dodged            |    44 |    59 |   121 ||   224
  Block: Buckler           |    20 |    38 |    81 ||   139
         Reflection        |       |       |     3 ||     3

Table legend: (Time is in decaauts)
 A = Elapsed time spent in this place.
 B = Non-inter-level travel time spent in this place.
 C = Inter-level travel time spent in this place.
 D = Time resting spent in this place.
 E = Time spent auto-exploring this place.
 F = Levels seen in this place.
 G = Mean time per level.
                   A        B        C        D        E       F      G
               +--------+--------+--------+--------+--------+-----+--------+
         Total |   7213 |   6918 |    295 |    564 |   4946 |   8 |  901.6 |
       Dungeon |   7182 |   6915 |    267 |    564 |   4946 |   7 | 1026.0 |
        Temple |     30 |      2 |     28 |      0 |      0 |   1 |   30.0 |
               +--------+--------+--------+--------+--------+-----+--------+

Top non-repeatable levels by time:
     D:6: 1634 daAuts
     D:4: 1491 daAuts
     D:1: 1264 daAuts
     D:2: 1166 daAuts
     D:3: 921 daAuts
     D:5: 554 daAuts
     D:7: 150 daAuts
  Temple: 30 daAuts
